 Dungeon Crawl Stone Soup version 0.31-a0-636-ge1c0e020e0 (webtiles) character file.

Game seed: 394987444913156730

5051 McSplat the Covert (level 10, 12/78 HPs)
             Began as a Naga Fire Elementalist on Aug 26, 2023.
             Was a Priest of Ru.
             Quit the game on level 9 of the Dungeon.
             The game lasted 00:26:22 (7242 turns).

McSplat the Covert (Naga Fire Elementalist)         Turns: 7242, Time: 00:26:23

Health: 12/78      AC: 12    Str: 12    XL:     10   Next: 56%
Magic:  15/15      EV:  2    Int: 25    God:    Ru [***...]
Gold:   530        SH: 12    Dex: 12    Spells: 8/15 levels left

rFire   + . .        C - +6 hand axe of Woe {spect, Contam rCorr Str+2 Int+5}
rCold   x . .        D - +0 tower shield
rNeg    . . .        E - +0 steam dragon scales
rPois   +            j - +2 hat
rElec   +            (no cloak)
rCorr   +            (no gloves)
SInv    +            f - +1 barding of Honour {rElec rCorr}
Will    +....        p - amulet of magic regeneration
Stlth   ++++         h - ring of fire
HPRegen 0.33/turn    (no ring)
MPRegen 0.54/turn

%: no passive effects
@: on berserk cooldown, very slow
A: AC +3, large, see invisible, deformed body, poison resistance, slowness 2,
spit poison 1, inability to train dodging, inability to train armour, naga tail
1
a: Spit Poison, Renounce Religion, Draw Out Power


You were on level 9 of the Dungeon.
You worshipped Ru.
Ru was most pleased with you.
You visited 1 branch of the dungeon, and saw 9 of its levels.

You collected 530 gold pieces.

Inventory:

Hand Weapons
 u - a +0 war axe
 C - the +6 hand axe of Woe (weapon) {spect, Contam rCorr Str+2 Int+5}
   (You found it on level 8 of the Dungeon)

   Str+2:     It affects your strength (+2).
   Int+5:     It affects your intelligence (+5).
   Contam:    It causes magical contamination when unequipped.
   rCorr:     It protects you from acid and corrosion.
Missiles
 g - a throwing net
Armour
 f - the +1 barding of Honour (worn) {rElec rCorr}
   (You acquired it on level 3 of the Dungeon)

   rElec:     It insulates you from electricity.
   rCorr:     It protects you from acid and corrosion.
 j - a +2 hat (worn)
 D - a +0 tower shield (worn)
 E - +0 steam dragon scales (worn)
Jewellery
 h - a ring of fire (left hand)
 p - an amulet of magic regeneration (around neck)
Wands
 n - a wand of flame (10)
 y - a wand of roots (11)
Scrolls
 i - a scroll of enchant weapon
 k - a scroll of fear
 m - a scroll of immolation
 o - a scroll of fog {unknown}
 q - 3 scrolls of teleportation {unknown}
 s - 2 scrolls of enchant armour {unknown}
 v - 3 scrolls of poison {unknown}
 w - a scroll of revelation {unknown}
 A - a scroll of vulnerability {unknown}
 B - a scroll of amnesia {unknown}
Potions
 a - 3 potions of might
 b - a potion of magic
 c - a potion of ambrosia
 d - a potion of berserk rage
 e - 2 potions of heal wounds
 l - 5 potions of curing {unknown}
 r - a potion of brilliance {unknown}
 t - a potion of cancellation {unknown}
 x - a potion of haste {unknown}
 z - a potion of degeneration {unknown}


   Skills:
 - Level 1.0 Fighting
 - Level 0.8 Short Blades
 + Level 7.1 Axes
 - Level 10.0 Stealth
 + Level 2.7 Shields
 - Level 3.3 Spellcasting
 + Level 7.3 Conjurations
 + Level 8.1 Fire Magic


You had 8 spell levels left.
You knew the following spells:

 Your Spells              Type           Power      Damage    Failure   Level
a - Foxfire               Conj/Fire      100%       2x1d9     9%          1
b - Scorch                Fire           100%       2d9       12%         2
c - Flame Wave            Conj/Fire      59%        2d14      65%         4

Your spell library contained the following spells:

 Spells                   Type           Power      Damage    Failure   Level
 Inner Flame              Hex/Fire       36%        N/A       77%         3
 Volatile Blastmotes      Fire/Tloc      72%        2d16      77%         3
 Stone Arrow              Conj/Erth      44%        3d9       80%         3
 Sandblast                Erth           8%         2d5       91%         1
 Cigotuvi's Dreadful Rot  Necr/Pois/Air  8%         N/A       97%         2
 Passwall                 Tmut/Erth      3%         N/A       97%         2
 Frozen Ramparts          Ice            8%         1d2       99%         3
 Dispel Undead            Necr           4%         3d7       100%        4
 Olgreb's Toxic Radiance  Pois           4%         N/A       100%        4
 Petrify                  Tmut/Erth      4%         N/A       100%        4
 Metabolic Englaciation   Hex/Ice        2%         N/A       100%        5
 Death Channel            Necr           2%         N/A       100%        6
 Discord                  Hex            2%         N/A       100%        8
 Ignition                 Fire           30%        3d10      100%        8


Dungeon Overview and Level Annotations

Branches:
Dungeon (9/15)             Temple (0/1) D:7
   Lair: D:8-11         Orc: D:9-12

Altars:
Dithmenos
Elyvilon
Gozag
Okawaru
Qazlal
Ru
Vehumet
Zin

Shops:
D:3 !   D:6 *

Annotations:
D:2 1 runed translucent door, exclusion: door, Crazy Yiuf
D:4 3 runed translucent doors, justen's ghost, amateur DsWn
D:6 2 transporters, Age's ghost, novice MiFi


Innate Abilities, Weirdness & Mutations

Your serpentine skin is tough. (AC +3)
You have supernaturally acute eyesight. (SInv)
Armour fits poorly on your strangely shaped body.
Your system is resistant to poisons. (rPois)
You cover ground very slowly.
You can spit poison.
You cannot train Dodging skill.
You cannot train Armour skill.
You have a snake-like lower body.


Message History

As you read the scroll of fear, it crumbles to dust.
You assume a fearsome visage.
The orc warrior looks frightened!
The orc priest looks frightened!
The orc looks frightened! x2
The orc warrior looks frightened!
The orc wizard looks frightened!
The yak looks frightened! x2
Your +6 hand axe of Woe {spect, Contam rCorr Str+2 Int+5} disappears.
The orc priest begins to pray, but is stunned by your conviction!
Unknown command.
Cornered, the orc warrior turns to fight!
Cornered, the yak turns to fight! x2
Cornered, the orc wizard turns to fight!
Cornered, the orc turns to fight!
You block the orc warrior's attack.
The yak snorts and paws the ground.
The yak gores you but does no damage.
You redirect the orc wizard's attack!
The orc warrior hits you from afar with a +0 trident.
* * * LOW HITPOINT WARNING * * *
You redirect the orc wizard's attack!
You block the yak's attack.
The orc warrior hits you but does no damage.
You block the yak's attack. You block the orc warrior's attack.
The yak barely misses you.
The orc warrior attacks as it pursues you!
The orc warrior hits you from afar with a +0 trident.
* * * LOW HITPOINT WARNING * * *
The yak barely misses you. You block the orc warrior's attack.
You barely miss the yak.
The yak is moderately wounded.
Your +6 hand axe of Woe {spect, Contam rCorr Str+2 Int+5} hits the yak.
You feel yourself speed up. The yak gores you but does no damage.
The orc warrior hits you from afar with a +0 trident.
* * * LOW HITPOINT WARNING * * *
The yak gores you.
* * * LOW HITPOINT WARNING * * *
You block the orc warrior's attack.
Unknown command.
Unknown command.
Are you sure you want to abandon this character and quit the game? (Confirm with "yes".)

##.......#
#.......##
#.#.#..##
##.._...#
##..#.#..#
#........#
#.......##
#...#.#(##
#####.@Y.#
#..##o###
#..#....## .
#..#...o.### ..
#.##....†..###
... #.
#######...###....
#. ###.o.).... ##
#####oo.. )..


You could see a yak, an orc warrior, an orc and a friendly +6 hand axe of Woe
{spect, Contam rCorr Str+2 Int+5}.

Vanquished Creatures
  A troll (D:9)
  Sigmund (D:2)
  A shadow (D:9)
  7 yaks (D:9)
  A wyvern (D:8)
  2 steam dragons (D:8)
  3 water moccasins
  Duvessa (D:7)
  A sky beast (D:8)
  A black bear (D:7)
  3 orc warriors
  3 ice beasts
  3 ogres
  A centaur (D:7)
  A phantom (D:6)
  3 bullfrogs
  4 scorpions
  Dowan (D:7)
  6 killer bees (D:6)
  A howler monkey (D:5)
  6 hounds
  A jelly (D:8)
  A gnoll bouda (D:6)
  3 orc priests
  2 iguanas
  Terence (D:2)
  3 orc wizards
  2 sleepcaps (D:7)
  Robin (D:2)
  8 gnolls
  7 adders
  A shadow imp (D:7)
  3 worms
  2 dart slugs
  17 orcs
  4 ball pythons
  6 endoplasms
  2 giant cockroaches
  10 goblins
  9 hobgoblins
  6 kobolds
  4 quokkas
  7 bats
  A frilled lizard (D:1)
  6 rats
158 creatures vanquished.

Vanquished Creatures (others)
  268 foxfires
  A spectral weapon (D:9)
269 creatures vanquished.

Grand Total: 427 creatures vanquished

Notes
Turn   | Place    | Note
-------+----------+-------------------------------------------
     0 | D:1      | McSplat the Naga Fire Elementalist began the quest for the
                  | Orb.
     0 | D:1      | Reached XP level 1. HP: 15/15 MP: 3/3
   126 | D:1      | Reached XP level 2. HP: 22/22 MP: 0/5
   419 | D:1      | Learned a level 2 spell: Scorch
   432 | D:1      | Reached XP level 3. HP: 28/28 MP: 2/6
   779 | D:2      | Noticed Terence
   786 | D:2      | Killed Terence
   792 | D:2      | Reached XP level 4. HP: 36/36 MP: 0/7
   881 | D:2      | Reached skill level 4 in Stealth
   895 | D:2      | Noticed Robin
   910 | D:2      | Killed Robin
  1292 | D:2      | Found a faded altar of an unknown god.
  1452 | D:2      | Noticed Sigmund
  1463 | D:2      | Killed Sigmund
  1464 | D:2      | Reached skill level 1 in Axes
  1464 | D:2      | Reached skill level 5 in Stealth
  1464 | D:2      | Reached XP level 5. HP: 14/42 MP: 0/9
  1464 | D:2      | Reached XP level 6. HP: 17/49 MP: 0/10
  1823 | D:2      | Found a runed translucent door.
  1824 | D:2      | Noticed Crazy Yiuf
  1950 | D:2      | Identified the +5 whip of Thoughtfulness {freeze, Contam
                  | rElec Int+8}
  2035 | D:3      | Found Regug's Distillery.
  2100 | D:3      | Found a white marble altar of Elyvilon.
  2178 | D:3      | Found a shadowy altar of Dithmenos.
  2179 | D:3      | Found a glowing silver altar of Zin.
  2195 | D:3      | Found a sacrificial altar of Ru.
  2215 | D:3      | Became a worshipper of Ru the Awakened
  2267 | D:3      | Found an opulent altar of Gozag.
  2619 | D:3      | Learned a level 4 spell: Flame Wave
  2864 | D:3      | Identified a scroll of acquirement
  2865 | D:3      | Acquired the +1 barding of Honour {rElec rCorr}
  2939 | D:4      | Reached XP level 7. HP: 25/55 MP: 4/12
  3122 | D:4      | Found a runed translucent gate.
  3122 | D:4      | Noticed justen's ghost (amateur DsWn)
  3123 | D:4      | Found a runed translucent gate.
  3123 | D:4      | Found a runed translucent gate.
  3519 | D:4      | Gained mutation: You cannot train Dodging skill. [Ru
                  | sacrifice]
  3519 | D:4      | Reached * piety under Ru
  3877 | D:4      | Reached skill level 6 in Stealth
  4048 | D:5      | Entered Level 5 of the Dungeon
  4068 | D:5      | Reached skill level 1 in Fighting
  4072 | D:5      | Reached skill level 1 in Armour
  4112 | D:5      | Reached XP level 8. HP: 64/64 MP: 7/13
  4328 | D:5      | Found a radiant altar of Vehumet.
  4516 | D:5      | Reached skill level 7 in Stealth
  4516 | D:5      | Reached skill level 5 in Fire Magic
  4669 | D:6      | Found a stormy altar of Qazlal.
  4740 | D:6      | Reached skill level 8 in Stealth
  4755 | D:6      | Noticed Age's ghost (novice MiFi)
  4759 | D:6      | Noticed a queen bee
  4780 | D:6      | Found a transporter.
  4784 | D:6      | Found Vazutsac's Elemental Accessories.
  4810 | D:6      | Reached skill level 5 in Conjurations
  4810 | D:6      | Reached XP level 9. HP: 58/70 MP: 9/14
  4953 | D:6      | Found the amulet of Elemental Vulnerability {rPois rF--
                  | rC-- AC+8}
  4995 | D:6      | Found a transporter.
  5083 | D:7      | Noticed Duvessa
  5084 | D:7      | Noticed Dowan
  5087 | D:7      | Reached skill level 9 in Stealth
  5244 | D:7      | Killed Duvessa
  5245 | D:7      | Reached skill level 5 in Axes
  5246 | D:7      | Killed Dowan
  5360 | D:7      | Found a staircase to the Ecumenical Temple.
  5883 | D:8      | Gained mutation: You cannot train Armour skill. [Ru
                  | sacrifice]
  5883 | D:8      | Reached ** piety under Ru
  5883 | D:8      | Reached *** piety under Ru
  5978 | D:8      | Reached skill level 10 in Stealth
  6347 | D:8      | Reached XP level 10. HP: 21/78 MP: 1/15
  6529 | D:8      | Identified the +6 hand axe of Woe {spect, Contam rCorr
                  | Str+2 Int+5}
  6828 | D:9      | Reached skill level 1 in Shields
  7161 | D:9      | Found an iron altar of Okawaru.
  7242 | D:9      | Quit the game

Illustrated notes

Levels and vault maps discovered:
D:1:      minmay_arrival_cross, layout_basic
D:2:      layout_loops_ring, shapermc_ecumenical_altar_totnotflames,
          minmay_split_cup_small, uniq_sigmund, uniq_terence, uniq_robin,
          uniq_crazy_yiuf_cottage
D:3:      layout_loops_ring, grunt_gozag_statues,
          nicolae_overflow_quartered_altars, serial_shops, shop
D:4:      layout_basic, gammafunk_ghost_nasty_kobolds, grunt_ministairs_14,
          minmay_misc_feat_columns
D:5:      layout_rooms, amcnicky_altar_gilded, lemuel_flamethrower_1
D:6:      layout_rooms, mainiacjoe_overflow_cross_hatched, gammafunk_ghost_hive,
          nicolae_elemental_shop
D:7:      layout_loops_ring, minmay_temple_entry_hall, uniq_duvessa
D:8:      layout_basic, minmay_fractal_squares_gapless_5
D:9:      layout_rooms, okawaru_metal_pillars_1_2, david_orc_4

Skill      XL: |  1  2  3  4  5  6  7  8  9 10 |
---------------+-------------------------------+-----
Dodging        | 2 0 |  0.0
Stealth        | 5 6 8 10 | 10.0
Axes           | 1 2 3 4 6 7 |  7.1
Spellcasting   | 3 |  3.3
Conjurations   | 2 3 5 6 7 |  7.3
Fire Magic     | 4 5 7 8 |  8.1
Fighting       | 1 |  1.0
Armour         | 1 0 |  0.0
Shields        | 2 |  2.7
Short Blades   | |  0.8

Action                     |  1- 3 |  4- 6 |  7- 9 | 10-12 || total
---------------------------+-------+-------+-------+-------++-------
  Melee: Unarmed           |     4 |       |       |       ||     4
         Dagger            |     5 |     1 |       |       ||     6
         Hand axe          |       |    36 |    14 |    42 ||    92
         War axe           |       |       |     3 |       ||     3
   Cast: Foxfire           |    33 |    35 |    75 |    17 ||   160
         Scorch            |     1 |    31 |    75 |    23 ||   130
         Flame Wave        |       |       |     6 |       ||     6
 Invoke: Sacrifice Nimblen |       |       |     1 |       ||     1
         Sacrifice Durabil |       |       |     1 |       ||     1
Ability: Spit Poison       |       |     6 |    12 |     2 ||    20
    Use: Potion            |       |     1 |       |     1 ||     2
         Scroll            |       |     3 |     5 |     2 ||    10
   Stab: Sleeping          |     1 |     1 |     2 |       ||     4
 Armour: Robe              |     6 |     5 |       |       ||    11
         Animal skin       |       |    17 |    29 |       ||    46
         Steam dragon scal |       |       |       |    21 ||    21
  Dodge: Dodged            |     4 |    33 |    20 |     5 ||    62
  Block: Tower shield      |       |       |       |    30 ||    30

Table legend: (Time is in decaauts)
 A = Elapsed time spent in this place.
 B = Non-inter-level travel time spent in this place.
 C = Inter-level travel time spent in this place.
 D = Time resting spent in this place.
 E = Time spent auto-exploring this place.
 F = Levels seen in this place.
 G = Mean time per level.
                   A        B        C        D        E       F      G
               +--------+--------+--------+--------+--------+-----+--------+
         Total |   9149 |   8864 |    285 |   1059 |   6498 |   9 | 1016.6 |
       Dungeon |   9149 |   8864 |    285 |   1059 |   6498 |   9 | 1016.6 |
               +--------+--------+--------+--------+--------+-----+--------+

Top non-repeatable levels by time:
     D:4: 1563 daAuts
     D:2: 1504 daAuts
     D:8: 1206 daAuts
     D:3: 1110 daAuts
     D:7: 939 daAuts
     D:1: 915 daAuts
     D:6: 703 daAuts
     D:5: 686 daAuts
     D:9: 520 daAuts
